 Dungeon Crawl Stone Soup version 0.30-a0-371-gad7725a93e (webtiles) character file.

Game seed: 4003848548753357680

126 Grillzange the Magician (level 5, 40/40 HPs)
             Began as a Djinni Conjurer on Nov 21, 2022.
             Was an Initiate of Ashenzari.
             Quit the game on level 4 of the Dungeon.
             The game lasted 00:04:31 (2289 turns).

Grillzange the Magician (Djinni Conjurer)           Turns: 2289, Time: 00:04:32

Health: 40/40      AC:  2    Str:  6    XL:     5   Next: 31%
Gold:   115        EV: 12    Int: 22    God:    Ashenzari [......] SH:  0 Dex: 11

rFire   + + .      SeeInvis .    c - +0 dagger
rCold   x . .      Faith    .    (no shield)
rNeg    . . .      Spirit   .    a - +0 robe
rPois   ∞          Reflect  .    (no helmet)
rElec   .          Harm     .    (no cloak)
rCorr   .          Rampage  .    (no gloves)
Will    .....                    (boots unavailable)
Stlth   ++........               (no amulet)
HPRegen 0.26/turn                (no ring)
MPRegen 0.00/turn                (no ring)

@: flying
A: sickness immunity, fire resistance 2, cold vulnerability 1, float, innate
caster, HP casting, extra vitality 1
a: Renounce Religion, Curse Item


You were on level 4 of the Dungeon.
You worshipped Ashenzari.
Ashenzari was noncommittal.
You visited 1 branch of the dungeon, and saw 4 of its levels.

You collected 115 gold pieces.

Inventory:

Hand Weapons
 c - a +0 dagger (weapon)
Armour
 a - a +0 robe (worn)
Jewellery
 d - a ring of wizardry
 p - a +6 ring of strength
 s - a +6 ring of dexterity
Scrolls
 f - 2 scrolls of enchant armour {unknown}
 g - 2 scrolls of vulnerability {unknown}
 i - 6 scrolls of identify {unknown}
 j - 3 scrolls of fog {unknown}
 k - 2 scrolls of blinking {unknown}
 m - a scroll of magic mapping {unknown}
 n - 2 scrolls of poison {unknown}
 o - a scroll of silence {unknown}
 q - a scroll of noise {unknown}
 t - a scroll of teleportation {unknown}
Potions
 b - a potion of haste {unknown}
 e - 3 potions of curing {unknown}
 h - a potion of attraction {unknown}
 l - a potion of mutation {unknown}
 r - a potion of heal wounds {unknown}


   Skills:
 + Level 3.1 Fighting
 - Level 2.1 Dodging
 - Level 1.5 Stealth
 + Level 4.1 Spellcasting


You couldn't memorise any spells.
You knew the following spells:

 Your Spells              Type           Power      Damage    Failure   Level
a - Magic Dart            Conj           88%        1d7       1%          1
b - Searing Ray           Conj           44%        2d6       3%          2
c - Dazzling Flash        Conj/Hex       44%        N/A       6%          3
d - Fulminant Prism       Conj/Hex       11%        3d8       21%         4
e - Iskenderun's Mystic   Conj/Tloc      22%        2d6       21%         4
f - Foxfire               Conj/Fire      88%        2x1d8     1%          1
g - Static Discharge      Conj/Air       44%        2-4/arc   3%          2
Your spell library was empty.

Dungeon Overview and Level Annotations

Branches:
Dungeon (4/15)
 Temple: D:4-7

Altars:
Ashenzari
Ru


Innate Abilities, Weirdness & Mutations

You are immune to sickness and miasma.
You are immune to poison.
Your flesh is very heat resistant. (rF++)
You are vulnerable to cold. (rC-)
You float through the air rather than walking.
You learn spells naturally, not from books.
Your magical power is your life essence.
You have superior vitality. (+4 MHP)


Message History

You kill the goblin!
You can't see any susceptible monsters within range! (Use Z to cast anyway.)
You can't see any susceptible monsters within range! (Use Z to cast anyway.)
Your magical contamination has completely faded away.
Things that are here:
a +0 dagger; a goblin corpse
Found a stone staircase leading down.
s - a +6 ring of dexterity
Found a stone.
You see here a stone.
You see here a stone.
t - a scroll labelled ANYOHE YZIKKABB An orc comes into view.
It is wielding a +0 club.
An orc is nearby!
An orc is nearby!
An orc is nearby!
The magic dart hits the orc.
The orc is moderately wounded.
The orc shouts!
The orc throws a boomerang.
The boomerang hits you.
The magic dart hits the orc.
You kill the orc!
You can't see any susceptible monsters within range! (Use Z to cast anyway.)
You can't see any susceptible monsters within range! (Use Z to cast anyway.)
You can't see any susceptible monsters within range! (Use Z to cast anyway.)
You now have 115 gold pieces (gained 10).
f - 2 scrolls labelled QUSOAH CEUSK (gained 1)
You see here a +0 dagger.
Found a stone staircase leading up.
Done exploring.
Done exploring.
Done exploring.
Done exploring.
You can't see any susceptible monsters within range! (Use Z to cast anyway.)
You see here a +0 dagger.
There is a stone staircase leading down here.
You fly downwards.
The gnoll shouts! x2; The gnoll bouda shouts!
The gnoll shouts!
There is a stone staircase leading up here.
Are you sure you want to abandon this character and quit the game? (Confirm with "yes".)

......#... #
........ ..
....... ...
..... #...
...g## #
#....##....#...
#...g.........
#.....@g....#
#.........###
####..g...#
#.#....#
####.....
..#... .....##
.....#


You could see a gnoll bouda and 3 gnolls.

Vanquished Creatures
  A hound (D:3)
  An adder (D:3)
  2 worms (D:2)
  A dart slug (D:3)
  2 orcs
  6 endoplasms
  6 giant cockroaches
  10 goblins
  7 hobgoblins
  7 jackals (D:2)
  5 kobolds
  4 quokkas
  8 ball pythons
  A bat (D:1)
  3 frilled lizards
  3 rats
67 creatures vanquished.

Notes
Turn   | Place    | Note
-------+----------+-------------------------------------------
     0 | D:1      | Grillzange the Djinni Conjurer began the quest for the Orb.
     0 | D:1      | Grillzange set off with the following spells memorised:
                  | Magic Dart, Searing Ray, Dazzling Flash, Fulminant Prism,
                  | Iskenderun's Mystic Blast.
     0 | D:1      | Reached XP level 1. HP: 15/15 MP: 0/0
    35 | D:1      | Reached XP level 2. HP: 18/22 MP: 0/0
    37 | D:1      | Reached skill level 1 in Fighting
   207 | D:1      | Reached XP level 3. HP: 26/27 MP: 0/0
   207 | D:1      | Learned a level 1 spell: Foxfire
   256 | D:1      | Found a faded altar of an unknown god.
   285 | D:1      | Prayed at the altar of an unknown god.
   285 | D:1      | Became a worshipper of Ashenzari the Shackled
   639 | D:2      | Reached XP level 4. HP: 13/33 MP: 0/0
  1672 | D:3      | Reached skill level 4 in Spellcasting
  1753 | D:3      | Reached XP level 5. HP: 26/40 MP: 0/0
  1753 | D:3      | Learned a level 2 spell: Static Discharge
  1835 | D:3      | Found a faded altar of an unknown god.
  1839 | D:3      | Found a sacrificial altar of Ru.
  2289 | D:4      | Quit the game

Illustrated notes

Levels and vault maps discovered:
D:1:      minmay_arrival_radiant_lines, layout_rooms,
          hellmonk_ecumenical_altar_crossroads
D:2:      layout_basic
D:3:      layout_basic, nicolae_overflow_ecumenical_swirl
D:4:      layout_cave_pools, minmay_temple_entry_statues_fountains,
          gammafunk_ghost_smash

Skill      XL: |  1  2  3  4 |
---------------+-------------+-----
Fighting       | 1 2 3 |  3.1
Spellcasting   | 4 |  4.1
Dodging        | |  2.1
Stealth        | |  1.5

Action                   |  1- 3 |  4- 6 || total
-------------------------+-------+-------++-------
 Cast: Magic Dart        |    78 |    70 ||   148
       Searing Ray       |     1 |       ||     1
Armor: Robe              |     3 |     1 ||     4
Dodge: Dodged            |     5 |     7 ||    12

Table legend: (Time is in decaauts)
 A = Elapsed time spent in this place.
 B = Non-inter-level travel time spent in this place.
 C = Inter-level travel time spent in this place.
 D = Time resting spent in this place.
 E = Time spent auto-exploring this place.
 F = Levels seen in this place.
 G = Mean time per level.
                   A        B        C        D        E       F      G
               +--------+--------+--------+--------+--------+-----+--------+
         Total |   2287 |   2251 |     36 |      0 |   1989 |   4 |  571.8 |
       Dungeon |   2287 |   2251 |     36 |      0 |   1989 |   4 |  571.8 |
               +--------+--------+--------+--------+--------+-----+--------+

Top non-repeatable levels by time:
     D:2: 860 daAuts
     D:3: 848 daAuts
     D:1: 577 daAuts
     D:4: 0 daAuts
